 Dungeon Crawl Stone Soup version 0.24.0-123-gd5b16e6ec5 (webtiles) character file.

Game seed: 16855085058985212510, levelgen mode: deterministic

71 Elellon the Chopper (level 4, -6/39 HPs)
             Began as a Hill Orc Fighter on Jan 9, 2020.
             Killed by divine providence
             ... invoked by an orc priest
              (14 damage)
             ... on level 3 of the Dungeon.
             The game lasted 00:01:46 (1663 turns).

Elellon the Chopper (Hill Orc Fighter)              Turns: 1663, Time: 00:01:47

Health: -6/39      AC:  6    Str: 19    XL:     4   Next: 24%
Magic:  4/4        EV:  7    Int:  8    God:
Gold:   98         SH:  9    Dex: 10    Spells: 3/3 levels left

rFire    . . .     SeeInvis .   a - +0 war axe
rCold    . . .     Gourm    .   c - +0 shield
rNeg     . . .     Faith    .   b - +0 scale mail
rPois    .         Spirit   .   (no helmet)
rElec    .         Reflect  .   (no cloak)
rCorr    .         Harm     .   (no gloves)
MR       .....                  (no boots)
Stlth    ..........             (no amulet)
HPRegen  0.13/turn              (no ring)
MPRegen  0.09/turn              (no ring)

@: no status effects
A: no striking features
a: Convert to Beogh


You were on level 3 of the Dungeon.
You were hungry.

You visited 1 branch of the dungeon, and saw 3 of its levels.

You collected 98 gold pieces.

Inventory:

Hand Weapons
 a - a +0 war axe (weapon)
Armour
 b - a +0 scale mail (worn)
 c - a +0 shield (worn)
Scrolls
 e - a scroll of teleportation {unknown}
 h - 2 scrolls of amnesia {unknown}
 i - a scroll of random uselessness {unknown}
 j - a scroll of fog {unknown}
 k - 4 scrolls of identify {unknown}
 m - 2 scrolls of enchant armour {unknown}
Potions
 d - a potion of might
 g - a potion of magic {unknown}
 l - a potion of flight {unknown}
 n - a potion of agility {unknown}
 o - a potion of lignification {unknown}
 p - a potion of heal wounds {unknown}
Comestibles
 f - 2 rations
 q - 3 chunks of flesh


   Skills:
 + Level 3.6 Fighting
 * Level 5.7 Axes
 + Level 3.3 Armour
 + Level 3.3 Shields


You had 3 spell levels left.
You didn't know any spells.
Your spell library was empty.

Dungeon Overview and Level Annotations

Branches:
Dungeon (3/15)

Altars:


Message History

You hit the orc but do no damage. You block the orc's attack.
You closely miss the orc. The orc hits you but does no damage.
The orc priest invokes the aid of Beogh against you.
Beogh smites you!
You barely miss the orc. You hit the orc. You block the orc's attack. x2
The orc priest looks satisfied for a moment.
The orc barely misses you.
The orc priest mumbles some strange prayers to Beogh against you.
Beogh smites you!
* * * LOW HITPOINT WARNING * * *
You are too injured to fight recklessly!
You are too injured to fight recklessly!
The orc closely misses you.
The orc hits you with a cursed -1 dagger.
* * * LOW HITPOINT WARNING * * *
The orc priest calls upon Beogh to heal the orc.
The orc's wounds heal themselves!
The orc priest mumbles some strange prayers to Beogh against you.
Beogh smites you!
You die...

##. #..... ######### #.##.#
######.......# #.##.############
.........###.# #................
.........# #.###..#.............
.........# #.#....#.)....=......
.........###.#...#o..#.†....####
.........##.....@oo.o...........
.........##......#o......)......
.........##.##.#.#.#.#..........
..(...<..##. #.#.#.#............
.........##. ..#.#.#.#..........
.........##.#..#.#.#.#....##.###
.........##>...................
.......).##.#...........#... ..
......... #.#.<.........#


You could see an orc priest and 4 orcs.

Vanquished Creatures
  An adder (D:2)
  3 dart slugs (D:1)
  2 leopard geckos (D:1)
  4 bats
  5 giant cockroaches
  3 goblins
  6 hobgoblins
  9 jackals
  5 kobolds
  2 quokkas
  5 frilled lizards
  4 rats
49 creatures vanquished.

Notes
Turn   | Place    | Note
-------+----------+-------------------------------------------
     0 | D:1      | Elellon the Hill Orc Fighter began the quest for the Orb.
     0 | D:1      | Reached XP level 1. HP: 19/19 MP: 1/1
    43 | D:1      | Reached skill level 3 in Axes
   119 | D:1      | Reached XP level 2. HP: 22/26 MP: 2/2
   174 | D:1      | Reached skill level 4 in Axes
   300 | D:1      | Reached XP level 3. HP: 28/31 MP: 3/3
   435 | D:1      | Reached skill level 5 in Axes
   900 | D:2      | Reached XP level 4. HP: 38/39 MP: 4/4
  1663 | D:3      | Killed from afar by an orc priest

Levels and vault maps discovered:
D:1:      dpeg_arrival_signposts, layout_basic
D:2:      layout_basic
D:3:      layout_basic, hangedman_decor_growths, evilmike_ruin_ashenzari

Skill      XL: |  1  2  3 |
---------------+----------+-----
Axes           | 3 4 5 |  5.7
Fighting       | |  3.6
Armour         | |  3.3
Shields        | |  3.3

Action                   |  1- 3 |  4- 6 || total
-------------------------+-------+-------++-------
Melee: War axe           |    85 |    34 ||   119
  Eat: Chunk             |       |     2 ||     2
Armor: Scale mail        |    39 |     9 ||    48
Dodge: Dodged            |    29 |     7 ||    36
Block: Shield            |    40 |    12 ||    52
